 Dungeon Crawl Stone Soup version 0.29.1-13-g9f3cf754e1 (webtiles) character file.

Game seed: 13732349396704557835

660 Peloso the Slasher (level 7, 0/63 HPs)
             Began as a Minotaur Fighter on Jan 23, 2023.
             Slain by Menkaure (8 damage)
             ... on level 5 of the Dungeon.
             The game lasted 00:06:27 (4539 turns).

Peloso the Slasher (Minotaur Fighter)               Turns: 4539, Time: 00:06:27

Health: 0/63       AC: 10    Str: 21    XL:     7   Next: 30%
Magic:  6/6        EV:  7    Int:  5    God:
Gold:   264        SH:  5    Dex: 11    Spells: 6/6 levels left

rFire   . . .      SeeInvis .   a - +0 long sword
rCold   . . .      Faith    .   d - +0 buckler
rNeg    . . .      Spirit   .   c - +0 chain mail
rPois   .          Reflect  .   (helmet restricted)
rElec   .          Harm     .   (no cloak)
rCorr   .          Rampage  .   (no gloves)
Will    .....                   (no boots)
Stlth   ..........              (no amulet)
HPRegen 0.20/turn               (no ring)
MPRegen 0.10/turn               (no ring)

@: no status effects
A: horns 2, retaliatory headbutt
a: no special abilities


You were on level 5 of the Dungeon.
You visited 1 branch of the dungeon, and saw 5 of its levels.

You collected 264 gold pieces.

Inventory:

Hand Weapons
 a - a +0 long sword (weapon)
 b - a +2 dagger of flaming
Armour
 c - a +0 chain mail (worn)
 d - a +0 buckler (worn)
Jewellery
 m - a ring of protection from cold
 n - a ring of willpower
Scrolls
 g - a scroll of butterflies {unknown}
 h - 2 scrolls of immolation {unknown}
 i - 3 scrolls of identify {unknown}
 j - a scroll of enchant weapon {unknown}
 l - 3 scrolls of teleportation {unknown}
 o - a scroll of fear
 q - a scroll of silence {unknown}
 r - a scroll of blinking {unknown}
Potions
 e - a potion of might
 f - a potion of heal wounds
 k - a potion of haste {unknown}
 p - a potion of degeneration {unknown}


   Skills:
 + Level 6.0 Fighting
 + Level 6.1 Long Blades
 + Level 6.0 Armour
 + Level 1.0 Dodging
 + Level 0.3 Stealth
 + Level 4.7 Shields


You had 6 spell levels left.
You didn't know any spells.
Your spell library contained the following spells:

 Spells                   Type           Power      Damage    Failure   Level
 Necrotise                Necr           0%         1d4       99%         1
 Blink                    Tloc           0%         N/A       100%        2
 Call Canine Familiar     Summ           0%         N/A       100%        3
 Lesser Beckoning         Tloc           0%         N/A       100%        3
 Portal Projectile        Hex/Tloc       0%         N/A       100%        3
 Vampiric Draining        Necr           0%         2d6       100%        3
 Leda's Liquefaction      Hex/Erth       0%         N/A       100%        4
 Agony                    Necr           0%         N/A       100%        5
 Manifold Assault         Tloc           0%         N/A       100%        5


Dungeon Overview and Level Annotations

Branches:
Dungeon (5/15)
 Temple: D:4-7

Altars:
Dithmenos
Fedhas
Trog
Yredelemnul

Annotations:
D:2 1 runed translucent door, Crazy Yiuf
D:4 1 transporter, 3 runed translucent doors, Hercules1031's ghost, novice MiFi
D:5 Menkaure


Innate Abilities, Weirdness & Mutations

You have a pair of horns on your head.
You reflexively headbutt those who attack you in melee.


Message History

The hound is almost dead.
You block the hound's attack. The hound bites you but does no damage.
You completely miss the hound. You headbutt the hound.
You kill the hound!
Your Fighting skill increases to level 6!
You see here a hound corpse.
Menkaure, Prince of Dust comes into view.
Menkaure grins.
Menkaure casts a spell.
Menkaure seems to speed up.
You hear a shout! x2
Menkaure is nearby!
Menkaure is nearby!
An orc comes into view. It is wielding a +0 short sword.
The orc shouts!
You hear a shout!
You hit Menkaure.
You headbutt Menkaure, but do no damage.
Menkaure is lightly damaged.
You block Menkaure's attack. x2
You barely miss Menkaure.
Menkaure is lightly damaged.
Menkaure casts a spell at you. Pain shoots through your body!
You barely miss Menkaure.
Menkaure is lightly damaged.
Menkaure hits you! x2
You hit Menkaure. Your headbutt misses Menkaure.
Menkaure is lightly damaged.
Menkaure hits you but does no damage.
You barely miss Menkaure. You headbutt Menkaure!
Menkaure is heavily damaged.
Menkaure calls on the powers of darkness!
The orc convulses!
Your body is wracked with pain!
* * * LOW HITPOINT WARNING * * *
You hit Menkaure but do no damage.
Menkaure is heavily damaged.
Menkaure hits you!
* * * LOW HITPOINT WARNING * * *
Menkaure hits you!
You die...

##.....## #.#
###.......#
#.#
..........#
#.# #.....†.#
#.# ##......#
#.#
##...#.####.#
##.##......#
#.##.######
#@##.. #M##.#
#o##.# #.##.#
..##.# .....
###


You could see Menkaure (fast) and an orc.

Vanquished Creatures
  A water moccasin (D:5)
  A black bear (D:4)
  2 phantoms (D:4)
  A necrophage (D:5)
  A centaur zombie (D:4)
  3 hounds
  7 adders
  An ufetubus (D:4)
  2 dart slugs
  2 worms (D:2)
  3 orcs (D:5)
  8 ball pythons
  4 endoplasms
  2 giant cockroaches (D:2)
  5 goblins
  3 hobgoblins
  5 quokkas
  7 bats
  A frilled lizard (D:2)
  8 kobolds
  A quokka zombie (D:4)
  7 rats
75 creatures vanquished.

Notes
Turn   | Place    | Note
-------+----------+-------------------------------------------
     0 | D:1      | Peloso the Minotaur Fighter began the quest for the Orb.
     0 | D:1      | Reached XP level 1. HP: 19/19 MP: 0/0
   454 | D:1      | Reached XP level 2. HP: 27/27 MP: 1/1
  1057 | D:2      | Found a runed translucent door.
  1058 | D:2      | Noticed Crazy Yiuf
  1277 | D:2      | Reached XP level 3. HP: 30/33 MP: 2/2
  1407 | D:2      | Found a blossoming altar of Fedhas.
  1985 | D:2      | Reached XP level 4. HP: 40/40 MP: 3/3
  2527 | D:3      | Found a faded altar of an unknown god.
  3362 | D:3      | Found a bloodstained altar of Trog.
  3362 | D:3      | Found a shadowy altar of Dithmenos.
  3624 | D:4      | Found a transporter.
  3682 | D:4      | Reached XP level 5. HP: 42/47 MP: 4/4
  3762 | D:4      | Found a runed translucent gate.
  3762 | D:4      | Found a runed translucent gate.
  3762 | D:4      | Found a runed translucent gate.
  3762 | D:4      | Noticed Hercules1031's ghost (novice MiFi)
  3764 | D:4      | Found a basalt altar of Yredelemnul.
  3827 | D:4      | Noticed a phantom
  3839 | D:4      | Reached skill level 5 in Fighting
  3839 | D:4      | Reached skill level 5 in Armour
  3852 | D:4      | Killed a phantom
  3853 | D:4      | Reached XP level 6. HP: 18/56 MP: 5/5
  4089 | D:4      | Reached skill level 5 in Long Blades
  4174 | D:5      | Entered Level 5 of the Dungeon
  4293 | D:5      | Reached XP level 7. HP: 60/61 MP: 6/6
  4311 | D:5      | Reached skill level 1 in Dodging
  4530 | D:5      | Noticed Menkaure
  4539 | D:5      | Slain by Menkaure

Illustrated notes

Levels and vault maps discovered:
D:1:      lightli_arrival_lavapool, layout_basic
D:2:      layout_loops_corners, basic_altar, nicolae_hexahallways,
          uniq_crazy_yiuf_cottage
D:3:      layout_loops_ring, gammafunk_temple_overflow_pools,
          shapermc_ecumenical_altar_totnotflames, nrook_mini_backslash
D:4:      gammafunk_cloud_chamber, layout_loops_ring,
          nicolae_yredelemnul_ghost_church
D:5:      layout_loops_ring, mainiacjoe_overflow_concentric_impassable,
          temple_green, uniq_menkaure, uniq_pikel, uniq_edmund, uniq_grinder

Skill      XL: |  1  2  3  4  5  6  7 |
---------------+----------------------+-----
Fighting       | 4 5 6 |  6.0
Armour         | 4 5 6 |  6.0
Long Blades    | 3 4 5 6 |  6.1
Shields        | 4 |  4.7
Dodging        | 1 |  1.0
Stealth        | |  0.3

Action                   |  1- 3 |  4- 6 |  7- 9 || total
-------------------------+-------+-------+-------++-------
Melee: Long sword        |    89 |   123 |    28 ||   240
       Headbutt          |     9 |    17 |     5 ||    31
  Use: Scroll            |     3 |       |       ||     3
       Potion            |       |     1 |       ||     1
Armor: Chain mail        |    54 |    90 |    17 ||   161
Dodge: Dodged            |    28 |    45 |     6 ||    79
Block: Buckler           |    22 |    26 |    11 ||    59
